[Event "*** SCC Grand Prix: Titled Tuesday Blitz"]
[Site "Chess.com"]
[Date "2020.07.21"]
[Round "7"]
[White "Onegust"]
[Black "vanea_03"]
[Result "0-1"]
[WhiteElo "2582"]
[BlackElo "2713"]
[TimeControl "180+1"]
[EndTime "11:17:35 PDT"]
[Termination "vanea_03 won by resignation"]

1. e4 e5 2. Nf3 Nc6 3. Bb5 a6 4. Ba4 Nf6 5. O-O Bc5 6. d3 d6 7. c3 b5 8. Bc2 h6 9. h3 O-O 10.
a4 Rb8 11. Nbd2 Be6 12. Re1 Re8 13. Nf1 d5 14. Nxe5 Nxe5 15. d4 dxe4 16. dxe5 Qxd1 17.
Rxd1 Nd7 18. axb5 axb5 19. Bf4 b4 20. Bxe4 bxc3 21. bxc3 Rb3 22. Bc6 Re7 23. Ra8+ Kh7 24. Be4+ g6 25. Bd5 Bxd5 26. Rxd5 Rxc3 27. Bd2 Rc2 28.
Rc8 Nb6 29. Rcd8 Nxd5 30. Rxd5 Bb6 31. Be3 h5 32. g4 hxg4 33. hxg4 Rc4 34. f3 c6 35. Rd6 Bxe3+ 36. Nxe3 Rc1+ 37. Kf2 Rxe5 38. Rd7 Kg7 39. f4 Re4 40. f5 Rc3 41. Ng2 Rxg4 42. fxg6 Rc2+ 43. Kf3 Rgxg2 44. Rxf7+ Kxg6 45. Rc7 c5 46. Ke3 0-1

[Event "*** SCC Grand Prix: Titled Tuesday Blitz"]
[Site "Chess.com"]
[Date "2020.07.21"]
[Round "7"]
[White "profofchess"]
[Black "maciejos95"]
[Result "0-1"]
[WhiteElo "2351"]
[BlackElo "2490"]
[TimeControl "180+1"]
[EndTime "11:17:36 PDT"]
[Termination "maciejos95 won on time"]

1. e4 e6 2. d4 d5 3. Nc3 Nf6 4. Bg5 Be7 5. e5 Nfd7 6. h4 O-O 7.
Qd2 c5 8. dxc5 Nc6 9. f4 f6 10. exf6 Bxf6 11. Nf3 Nxc5 12. O-O-O d4 13. Bxf6 Qxf6 14.
Nxd4 Rd8 15. Nce2 e5 16. fxe5 Nxe5 17. Qg5 Ne4 18. Qxf6 gxf6 19. Re1 Bg4 20. Nf3 Bxf3 21. Nf4 Bg4 22. Nd3 Nxd3+ 23. Bxd3 f5 24. Bxe4 fxe4 25. Rxe4 h5 26. Rhe1 Rd7 27. Re5 Rad8 28. Rg5+ Kh7 29. b3 Rd1+ 30. Rxd1 Rxd1+ 31. Kb2 Rh1 32. Re5 Rxh4 33.
Re7+ Kg6 34. Rxb7 Rh2 35. Rxa7 Rxg2 36. b4 h4 37. b5 h3 38. b6 Bf3 39. Ra3 Rf2 0-1

[Event "*** SCC Grand Prix: Titled Tuesday Blitz"]
[Site "Chess.com"]
[Date "2020.07.21"]
[Round "7"]
[White "MomchilPetkov"]
[Black "GukeshDommaraju"]
[Result "0-1"]
[WhiteElo "2581"]
[BlackElo "2712"]
[TimeControl "180+1"]
[EndTime "11:17:37 PDT"]
[Termination "GukeshDommaraju won on time"]

1. e4 c5 2. Nf3 Nc6 3. Bb5 g6 4. Bxc6 dxc6 5. d3 Bg7 6. h3 Nf6 7. Nc3 Nd7 8. Be3 e5 9. Qd2 h6 10.
O-O b6 11. Nh2 Nf8 12. f4 exf4 13. Bxf4 Ne6 14. Be3 Nd4 15. Rae1 Be6 16. b3 Qd7 17. e5 Nf5 18. Bf2 O-O-O 19. Nf3 Kb7 20. Ne4 Bd5 21. a4 a5 22. Kh1 h5 23. Rb1 Bxe4 24. dxe4 Qxd2 25. Nxd2 Rxd2 26. exf5 Bxe5 27. fxg6 fxg6 28. Rbe1 Bc3 29. Re7+ Ka6 30. Be3 Rxc2 31. Rff7 Ra8 32. Bf4 Rf2 33. Kg1 Bd4 34. Kh2 g5 35. Bxg5 Rxf7 36.
Rxf7 b5 0-1

[Event "*** SCC Grand Prix: Titled Tuesday Blitz"]
[Site "Chess.com"]
[Date "2020.07.21"]
[Round "7"]
[White "Parkas"]
[Black "isainz"]
[Result "1-0"]
[WhiteElo "2340"]
[BlackElo "2131"]
[TimeControl "180+1"]
[EndTime "11:17:37 PDT"]
[Termination "Parkas won by resignation"]

1. d4 Nf6 2. Nc3 g6 3. e4 d6 4. Nf3 Bg7 5. Be2 c6 6. O-O Nbd7 7. h3 Qc7 8. Be3 b5 9. d5 b4 10. dxc6 bxc3 11. cxd7+ Bxd7 12. bxc3 Nxe4 13. Qd5 Qc6 14. Qxc6 Bxc6 15. Nd4 Nxc3 16. Ba6 Bd7 17. Rfe1 Nd5 18. Rad1 Nxe3 19. Rxe3 e5 20. Nb5 Bxb5 21. Bxb5+ Ke7 22.
Ra3 a5 23. c4 Rhd8 24. Bc6 Ra7 25. Rb1 f5 26. Rb5 Rc8 27. Bd5 Rc5 28. Rxc5 dxc5 29.
Rb3 Kd6 30. Rb6+ Kc7 31. Rc6+ Kd7 32. Rxc5 Kd6 33. Rc6+ Kd7 34. Rb6 e4 35. Kf1 Bd4 36. Rb5 Kd6 37. f3 exf3 38. Bxf3 h5 39. Rd5+ 1-0

[Event "*** SCC Grand Prix: Titled Tuesday Blitz"]
[Site "Chess.com"]
[Date "2020.07.21"]
[Round "7"]
[White "MestreSoares"]
[Black "UKR_Master"]
[Result "0-1"]
[WhiteElo "2083"]
[BlackElo "2323"]
[TimeControl "180+1"]
[EndTime "11:17:37 PDT"]
[Termination "UKR_Master won on time"]

1. Nf3 Nf6 2. b3 g6 3. Bb2 Bg7 4. e3 O-O 5. Be2 c5 6. O-O b6 7. c4 Bb7 8. d4 d6 9. Nc3 Nbd7 10. Qd2 Rc8 11. Rac1 Qc7 12. Rfd1 Qb8 13. a4 Ba8 14. Ne1 e5 15. dxe5 dxe5 16. Bf3 e4 17. Be2 Rfd8 18.
Qc2 Ne5 19. h3 h5 20. Rxd8+ Rxd8 21. Rd1 h4 22. Rxd8+ Qxd8 23. Nb5 Qe7 24. Bxe5 Qxe5 25. Nxa7 Qa1 26. Qd1 Qxd1 27. Bxd1 Nd7 28. Nb5 Bc6 29. Kf1 Ne5 30. Be2 f5 31. Nc2 Nd3 32. f3 Nc1 33. b4 Nb3 34. f4 Bf8 35. bxc5 Nxc5 36. Ncd4 Bd7 37. Bd1 Kf7 38. Ke1 Ke7 39. Kd2 Bh6 40.
Nc3 Kd6 41. Ndb5+ Kc6 42. Nd5 Be8 43. Nf6 Bf7 44. Be2 Nxa4 45. Nd4+ Kd6 46. g4 hxg3 47. Bf1 Nb2 48. Kc3 Nd1+ 49. Kd2 Nf2 50. Bg2 Bxc4 51. Ne8+ Kc5 52. Nf6 Bxf4 0-1

[Event "*** SCC Grand Prix: Titled Tuesday Blitz"]
[Site "Chess.com"]
[Date "2020.07.21"]
[Round "7"]
[White "chalowey97"]
[Black "Ladislav1969"]
[Result "1-0"]
[WhiteElo "2134"]
[BlackElo "2318"]
[TimeControl "180+1"]
[EndTime "11:17:39 PDT"]
[Termination "chalowey97 won on time"]

1. d4 Nf6 2. Nf3 g6 3. Nc3 d5 4.
Bf4 Bg7 5. Qd2 Ne4 6. Nxe4 dxe4 7. Ne5 c5 8. e3 cxd4 9. Bb5+ Bd7 10. Nxd7 Nxd7 11.
exd4 O-O 12. O-O e5 13. dxe5 Nxe5 14. Qxd8 Rfxd8 15. Rad1 Rac8 16. Rxd8+ Rxd8 17. Re1 f5 18. Ba4 h6 19. h3 g5 20. Be3 b6 21. Bb3+ Kh7 22.
a4 Nc6 23. h4 f4 24. Bc1 e3 25. hxg5 exf2+ 26. Kxf2 hxg5 27. c3 Bf8 28. g3 Bc5+ 29.
Kf3 Rf8 30. gxf4 gxf4 31. Kg4 Ne7 32. Bxf4 Ng6 33. Rh1+ Kg7 34. Bh6+ Kf6 35. Rf1+ 1-0

[Event "*** SCC Grand Prix: Titled Tuesday Blitz"]
[Site "Chess.com"]
[Date "2020.07.21"]
[Round "7"]
[White "Alexander_Zubov"]
[Black "Reader777"]
[Result "1-0"]
[WhiteElo "2855"]
[BlackElo "2661"]
[TimeControl "180+1"]
[EndTime "11:17:40 PDT"]
[Termination "Alexander_Zubov won by resignation"]

1. d4 Nf6 2. Nf3 e6 3. c4 c5 4.
d5 exd5 5. cxd5 d6 6. Nc3 g6 7. Nd2 Bg7 8. Nc4 O-O 9. Bf4 Ne8 10. Qd2 a6 11. a4 Qc7 12. e4 Nd7 13. Be2 Rb8 14.
a5 b5 15. axb6 Nxb6 16. Na5 Bd7 17. O-O Nf6 18. Qe3 Rfe8 19. Qg3 Bf8 20. Bf3 Bb5 21. Rfe1 Nfd7 22. Be2 Bxe2 23. Rxe2 c4 24. Nc6 Rb7 25. Be3 Ne5 26. Nxe5 Rxe5 27. Rxa6 Nd7 28. Bd4 Re8 29. h3 Reb8 30. Rc6 Qa5 31. Rxd6 Bxd6 32. Qxd6 Qc7 33. Qxc7 Rxc7 34. d6 Rcb7 35. Nd5 Rb3 36.
Bc3 Nc5 37. Nf6+ Kf8 38. Nxh7+ Ke8 39. Nf6+ Kd8 40. e5 R8b5 41. h4 Na4 42. e6 fxe6 43. Rxe6 Kc8 44. Re8+ Kb7 45. d7 1-0

[Event "*** SCC Grand Prix: Titled Tuesday Blitz"]
[Site "Chess.com"]
[Date "2020.07.21"]
[Round "7"]
[White "antoszu"]
[Black "vinniethepooh"]
[Result "1-0"]
[WhiteElo "2551"]
[BlackElo "2674"]
[TimeControl "180+1"]
[EndTime "11:17:40 PDT"]
[Termination "antoszu won by resignation"]

1. d4 Nf6 2. c4 e6 3. Nc3 Bb4 4. f3 d5 5. a3 Bxc3+ 6. bxc3 O-O 7. cxd5 exd5 8. e3 Nh5 9. Qc2 Re8 10. Bd3 Qh4+ 11.
Qf2 Nf4 12. Bf1 Qe7 13. g3 Ng6 14. Bd3 c5 15. Ne2 c4 16. Bc2 Bh3 17. Bxg6 hxg6 18.
g4 f5 19. Qg3 fxg4 20. fxg4 Qe4 21. Rg1 Nc6 22. Qxh3 Na5 23. Qg2 Qd3 24. Qxd5+ Kh8 25.
Qxa5 Rxe3 26. Bxe3 Re8 27. Rg3 Rxe3 28. Rxe3 Qxe3 29.
Qe5 Qf3 30. Qg3 Qh1+ 31. Qg1 Qe4 32. Rd1 b5 33. d5 Kh7 34. d6 b4 35. axb4 1-0

[Event "*** SCC Grand Prix: Titled Tuesday Blitz"]
[Site "Chess.com"]
[Date "2020.07.21"]
[Round "7"]
[White "TST2014"]
[Black "1f3_2g41-0"]
[Result "0-1"]
[WhiteElo "2503"]
[BlackElo "2396"]
[TimeControl "180+1"]
[EndTime "11:17:40 PDT"]
[Termination "1f3_2g41-0 won on time"]

1. d4 Nf6 2. c4 g6 3. Nc3 d5 4. Nf3 Bg7 5. Bg5 Ne4 6. Bh4 Nxc3 7. bxc3 O-O 8. cxd5 Qxd5 9. Bxe7 Re8 10. Ba3 c5 11. Bxc5 b6 12. Ba3 Ba6 13. e3 Bxf1 14. Rxf1 Nc6 15.
Qb3 Qh5 16. Bb4 Rac8 17. Kd2 Qg4 18. Rg1 b5 19. h3 Qf5 20. Rgc1 a5 21. Ba3 a4 22.
Qb1 Qd5 23. Bb4 Bf8 24. a3 h6 25. Qd3 Nb8 26. Ke1 Nd7 27. Kf1 Nb6 28. Nd2 Bg7 29.
Rab1 g5 30. Kg1 h5 31. Ba5 Nc4 32. Bb4 g4 33. hxg4 hxg4 34. Nxc4 Rxc4 35. Re1 Qh5 36. e4 Re6 37. e5 Rh6 38. Kf1 Qh1+ 39. Ke2 Qxg2 40. Qg3 Qe4+ 41. Qe3 Qc2+ 42. Qd2 Qf5 43. Qe3 Rh3 44. Qd2 Qe4+ 45. Kd1 Qxb1+ 46. Ke2 Qe4+ 0-1

[Event "*** SCC Grand Prix: Titled Tuesday Blitz"]
[Site "Chess.com"]
[Date "2020.07.21"]
[Round "7"]
[White "ambaixador"]
[Black "Jbd735"]
[Result "1/2-1/2"]
[WhiteElo "2336"]
[BlackElo "2472"]
[TimeControl "180+1"]
[EndTime "11:17:40 PDT"]
[Termination "Game drawn by repetition"]

1. Nf3 d5 2. d4 Nf6 3. c4 c6 4. Qc2 g6 5. e3 Bf5 6. Bd3 Bxd3 7. Qxd3 Bg7 8. Nc3 O-O 9. O-O Nbd7 10. Rd1 Re8 11. Bd2 dxc4 12. Qxc4 e5 13. dxe5 Nxe5 14. Nxe5 Rxe5 15. e4 Qe8 16. Bf4 Re6 17. f3 Nh5 18. Bd6 Be5 19. Bxe5 Rxe5 20. Rd6 Nf4 21. Rad1 Re7 22. g3 Ne6 23. e5 Ng5 24. f4 Nf3+ 25.
Kg2 Nxe5 26. fxe5 Rxe5 27. Rd7 Rf5 28. Ne4 Qe5 29. Nd6 Qxb2+ 30. Kh1 Rf2 31. Qh4 Qe2 32. Rd8+ Rxd8 33. Qxd8+ Kg7 34. Ne8+ Kf8 35. Nf6+ Kg7 36. Ne8+ Kf8 37. Nf6+ Kg7 38. Ne8+ 1/2-1/2

[Event "*** SCC Grand Prix: Titled Tuesday Blitz"]
[Site "Chess.com"]
[Date "2020.07.21"]
[Round "7"]
[White "Munguntuul_B"]
[Black "capatl"]
[Result "1-0"]
[WhiteElo "2623"]
[BlackElo "2416"]
[TimeControl "180+1"]
[EndTime "11:17:41 PDT"]
[Termination "Munguntuul_B won on time"]

1. e4 c5 2. Nf3 e6 3. d4 cxd4 4.
Nxd4 a6 5. Nc3 Qc7 6. Bd3 Nf6 7. O-O d6 8. Kh1 Nbd7 9. f4 Nc5 10. Qf3 b5 11. a3 Bb7 12. Bd2 Be7 13. Rae1 Rd8 14. b4 Nxd3 15. cxd3 O-O 16. Rc1 Qb8 17. Qg3 Rc8 18.
f5 e5 19. Nf3 Kh8 20. Bg5 Rfe8 21. Qh4 Rc7 22. Ne2 Rxc1 23. Rxc1 Rc8 24. Nc3 d5 25. exd5 Nxd5 26. Bxe7 Nxc3 27. Ng5 h6 28. Nxf7+ Kg8 29. Qh5 Bxg2+ 30. Kxg2 Qb7+ 31. Kh3 Qxe7 32. Nxh6+ Kf8 33. Ng4 Qd7 34. Qh8+ Kf7 35. Nxe5+ Kf6 36. Nxd7+ 1-0

[Event "*** SCC Grand Prix: Titled Tuesday Blitz"]
[Site "Chess.com"]
[Date "2020.07.21"]
[Round "7"]
[White "Kavyev_Ruslan"]
[Black "fabianvivasz"]
[Result "1-0"]
[WhiteElo "2432"]
[BlackElo "2295"]
[TimeControl "180+1"]
[EndTime "11:17:42 PDT"]
[Termination "Kavyev_Ruslan won by resignation"]

1. d4 Nf6 2. c4 g6 3. Nc3 d5 4. Bf4 Bg7 5. e3 c5 6. dxc5 Be6 7. Nf3 Ne4 8. Nxe4 dxe4 9. Qxd8+ Kxd8 10. Nd4 Bd7 11. O-O-O e5 12. Bg5+ f6 13. Ne6+ Ke7 14. Nc7 fxg5 15. Nxa8 Na6 16. a3 Rxa8 17. b4 Ba4 18.
Rd2 Nc7 19. g3 a6 20. Bg2 Bc6 21. Rhd1 Bf8 22. Rd6 Ke8 23. Bh3 Be7 24. Bd7+ Bxd7 25. Rxd7 Rc8 26. Kb2 h5 27. Kb3 g4 28. a4 a5 29. b5 Ne6 30. R7d5 Nxc5+ 31. Kc2 Nd3 32.
Kb3 Nxf2 33. Rf1 Nd3 34. Rd1 Rc5 35. Rf1 Rxd5 36. cxd5 Bc5 37. Rf6 Bxe3 38. Rxg6 Bd4 39. Kc2 e3 40. Kxd3 Ke7 41. Rg7+ Kd6 42. Rxb7 Kxd5 43. Rd7+ Kc5 44. Rh7 e4+ 45. Ke2 Kb4 46. Rd7 Bb6 47. Rd6 Bc5 48. Rc6 Bd4 49. b6 Kxa4 50. b7 Ba7 51. Ra6 Bb8 52. Ra8 Be5 53. Re8 Bc7 54. b8=Q Bxb8 55. Rxb8 Ka3 56. Kxe3 a4 57.
Kxe4 Ka2 58. Kf5 a3 59. Kg5 Ka1 60. Ra8 a2 61. Kxh5 Kb2 62. Kxg4 a1=Q 63. Rxa1 Kxa1 64. h4 Kb2 65. h5 Kc3 66. h6 Kd4 67. h7 Ke5 68. h8=Q+ Ke4 1-0

[Event "*** SCC Grand Prix: Titled Tuesday Blitz"]
[Site "Chess.com"]
[Date "2020.07.21"]
[Round "7"]
[White "benko_008"]
[Black "chessfrendz"]
[Result "1-0"]
[WhiteElo "2435"]
[BlackElo "2248"]
[TimeControl "180+1"]
[EndTime "11:17:42 PDT"]
[Termination "benko_008 won on time"]

1. d4 d5 2. c4 e6 3. Nc3 Nf6 4. cxd5 exd5 5. Bg5 Be7 6. e3 O-O 7. Bd3 c6 8. Qc2 Nbd7 9. Nf3 Re8 10. O-O Nf8 11. h3 g6 12. Bh6 Ne6 13. Ne5 a5 14. f4 Ng7 15. g4 Bd6 16. Rf3 c5 17. Bb5 Rf8 18. g5 Nfh5 19. Ng4 Bf5 20. Qd2 Be4 21.
Nxe4 dxe4 22. Rf2 Qe7 23. d5 Rfc8 24. b3 Nf5 25. a4 c4 26. bxc4 Bb4 27. Qc1 Bc5 28.
Raa2 f6 29. Rfe2 fxg5 30. Bxg5 Qg7 31. Qb2 Qxb2 32. Raxb2 b6 33. Kg2 Kg7 34. Rb3 h6 35. Bxh6+ 1-0

[Event "*** SCC Grand Prix: Titled Tuesday Blitz"]
[Site "Chess.com"]
[Date "2020.07.21"]
[Round "7"]
[White "CrushingKings"]
[Black "TheCount"]
[Result "0-1"]
[WhiteElo "2521"]
[BlackElo "2659"]
[TimeControl "180+1"]
[EndTime "11:17:43 PDT"]
[Termination "TheCount won by resignation"]

1. e4 c5 2. d4 cxd4 3. c3 Nf6 4. e5 Nd5 5. Nf3 e6 6. cxd4 d6 7. a3 Be7 8. Bd3 b6 9. Qe2 Bb7 10. O-O Nd7 11. Bd2 O-O 12. Nc3 dxe5 13. dxe5 Nc5 14. Bc2 Nxc3 15. Bxc3 Ba6 16. Qe3 Bxf1 17. Rxf1 Qc7 18.
Ng5 g6 19. h4 Rfd8 20. h5 Bxg5 21. Qxg5 Rd5 22. Re1 Qd8 23. Qg3 Rc8 24. Re3 Nd7 25.
hxg6 fxg6 26. Bxg6 Kh8 27. Bxh7 Qe7 28. Be4 Rd1+ 29.
Kh2 Nf8 30. Qh3+ Nh7 31. Rg3 Rg8 32. Bb4 Rxg3 33. Qxg3 Qg7 34. Qh3 Qxe5+ 35. g3 Qxe4 36. Bc3+ e5 37. Qc8+ Kg7 38. Qb7+ Qxb7 0-1

[Event "*** SCC Grand Prix: Titled Tuesday Blitz"]
[Site "Chess.com"]
[Date "2020.07.21"]
[Round "7"]
[White "Anna_ChessMate"]
[Black "TheWolfSpur"]
[Result "0-1"]
[WhiteElo "2495"]
[BlackElo "2391"]
[TimeControl "180+1"]
[EndTime "11:17:43 PDT"]
[Termination "TheWolfSpur won by resignation"]

1. d4 Nf6 2. c4 c5 3. Nf3 cxd4 4. Nxd4 Nc6 5. Nc3 g6 6. e3 Bg7 7. Be2 O-O 8. O-O Nxd4 9. exd4 d5 10. c5 b6 11. c6 Qd6 12. Qa4 Bf5 13. b4 a6 14. b5 axb5 15. Qxb5 Rfc8 16. Qxb6 Rxc6 17. Qb3 Rac8 18. Nb5 Qb8 19. a4 e6 20. Ba3 Ne4 21. Qe3 h5 22. f3 Nc3 23. Bc5 Nxe2+ 24. Qxe2 Rxc5 25. dxc5 Bxa1 26. Rxa1 Rxc5 27. Kh1 Rc4 28. Qb2 h4 29. h3 Rc2 30. Qd4 Qg3 31. Rg1 Bxh3 0-1

[Event "*** SCC Grand Prix: Titled Tuesday Blitz"]
[Site "Chess.com"]
[Date "2020.07.21"]
[Round "7"]
[White "Mazetovic"]
[Black "GigaQuparadze"]
[Result "0-1"]
[WhiteElo "2666"]
[BlackElo "2867"]
[TimeControl "180+1"]
[EndTime "11:17:44 PDT"]
[Termination "GigaQuparadze won by resignation"]

1. d4 Nf6 2. Nf3 e6 3. Bf4 b6 4. Nbd2 Bb7 5. h3 d6 6. e3 Nbd7 7. a4 a6 8. Bh2 g6 9. Bd3 Bg7 10. O-O Qe7 11. e4 O-O 12. Re1 e5 13. c3 Rfe8 14. b4 Nh5 15. Qb3 Nf4 16. Bxf4 exf4 17. b5 a5 18. Bc4 h6 19. Re2 Rf8 20. Rae1 Kh7 21. Bd5 Bxd5 22. exd5 Qf6 23. Qc4 Rac8 24.
Qc6 Qd8 25. Qc4 Nf6 26. Re7 Nd7 27. R7e2 Kg8 28. Qd3 Nf6 29. c4 Qd7 30. Ne4 Nh7 31.
Qd2 g5 32. Qd3 Rce8 33. Ned2 Nf6 34. Rxe8 Rxe8 35. Rxe8+ Qxe8 36. Kf1 Nh7 37. Qe4 Qd7 38. Ne1 Nf6 39. Qd3 Ne8 40. Nef3 f5 41. Qe2 Nf6 42. Qe6+ Qxe6 43. dxe6 d5 44. Ne5 Kf8 45. Nc6 Ke8 46.
Ke2 g4 47. f3 h5 48. Kd3 Bf8 49. Nb1 Bb4 50. Nc3 dxc4+ 51. Kxc4 Bxc3 52. Kxc3 Nd5+ 53. Kd3 Ne3 54. d5 Nxg2 55. fxg4 fxg4 56. hxg4 hxg4 57. Ne5 Ne3 58. Ke4 g3 59. Kxf4 g2 60. Nf3 Nxd5+ 61.
Ke5 Nc3 62. Kf6 Nxa4 63. e7 Nc5 64. Ke5 Kxe7 65. Kd5 Kd7 0-1

[Event "*** SCC Grand Prix: Titled Tuesday Blitz"]
[Site "Chess.com"]
[Date "2020.07.21"]
[Round "7"]
[White "NikolaGry"]
[Black "Jospem"]
[Result "0-1"]
[WhiteElo "2639"]
[BlackElo "2845"]
[TimeControl "180+1"]
[EndTime "11:17:44 PDT"]
[Termination "Jospem won by checkmate"]

1. b3 Nf6 2. Bb2 e6 3. c4 b6 4.
Nf3 Bb7 5. e3 Be7 6. Be2 O-O 7.
O-O c5 8. d4 cxd4 9. Nxd4 a6 10. Nc3 d6 11. Bf3 Qc8 12. Bxb7 Qxb7 13. Qf3 Qxf3 14.
gxf3 Nbd7 15. Nc6 Rfe8 16. Nxe7+ Rxe7 17. Rfd1 Ne8 18. Ne4 Ne5 19. Kg2 Ng6 20. Kg3 Rd7 21. Rd3 Rad8 22. Rad1 f5 23. Ng5 Nf8 24. e4 h6 25. Nh3 g6 26. Bd4 b5 27. Bb6 bxc4 28.
bxc4 Rc8 29. c5 Rc6 30. e5 d5 31. Nf4 Kf7 32. Ne2 Rb7 33. Nd4 Rc8 34. Ra3 g5 35.
Rxa6 Ng6 36. c6 Re7 37. Bc5 Rec7 38. Bd6 Nf4 39. Rb1 Ng7 40. Bxc7 Ngh5# 0-1

[Event "*** SCC Grand Prix: Titled Tuesday Blitz"]
[Site "Chess.com"]
[Date "2020.07.21"]
[Round "7"]
[White "rugbyclub"]
[Black "Logman74"]
[Result "1-0"]
[WhiteElo "2140"]
[BlackElo "2320"]
[TimeControl "180+1"]
[EndTime "11:17:45 PDT"]
[Termination "rugbyclub won on time"]

1. c4 Nf6 2. Nc3 g6 3. e4 Bg7 4. d4 d6 5. Be2 O-O 6. Nf3 e5 7. d5 a5 8. Bg5 Na6 9. Nd2 Qe8 10. a3 Nd7 11. b4 axb4 12. axb4 b6 13. f3 Bb7 14. Qb1 f6 15. Be3 Qe7 16. Qb2 f5 17.
O-O Nf6 18. Ra2 Nh5 19. Rfa1 Nf4 20. Bf1 Qg5 21. Kh1 fxe4 22. Ndxe4 Qh5 23. c5 dxc5 24. bxc5 Nxc5 25. Bxc5 Rxa2 26. Rxa2 Bxd5 27. Nxd5 Nxd5 28. Bxf8 Bxf8 29. Bc4 c6 30. Qxb6 Qh6 31. Qb1 Bb4 32. h3 Qe3 33. Qxb4 Qc1+ 34. Kh2 Qf4+ 35. g3 Qxf3 36. Bxd5+ cxd5 37. Rf2 1-0

[Event "*** SCC Grand Prix: Titled Tuesday Blitz"]
[Site "Chess.com"]
[Date "2020.07.21"]
[Round "7"]
[White "chesstrainer2042"]
[Black "BakaPG"]
[Result "0-1"]
[WhiteElo "2473"]
[BlackElo "2655"]
[TimeControl "180+1"]
[EndTime "11:17:47 PDT"]
[Termination "BakaPG won on time"]

1. e4 e6 2. d4 d5 3. Nd2 a6 4.
Ngf3 Nf6 5. Bd3 c5 6. e5 Nfd7 7.
c3 Nc6 8. O-O g5 9. dxc5 g4 10.
Nd4 Ncxe5 11. N2b3 Nxc5 12. Nxc5 Bxc5 13. Re1 Qf6 14.
Be3 Bd6 15. Bf1 Rg8 16. g3 Bd7 17. Qb3 b5 18. Bg2 Nf3+ 19. Bxf3 gxf3 20. a4 Rb8 21. axb5 axb5 22. Qd1 b4 23. Qxf3 Qxf3 24. Nxf3 bxc3 25. bxc3 Ke7 26. Ra6 Rb3 27. Bg5+ Rxg5 28. Nxg5 Rxc3 29. Nxf7 Bc5 30. Ne5 Bb5 31. Ra2 d4 32. Kg2 Kd6 33. Ng4 Bc4 34. Rd2 Bd5+ 35. Kg1 Ra3 36. Nf6 Bb4 37.
Rdd1 Bxe1 38. Rxe1 d3 39. Rd1 Ke5 40. Ng4+ Kd4 41.
Ne3 Bf3 0-1

[Event "*** SCC Grand Prix: Titled Tuesday Blitz"]
[Site "Chess.com"]
[Date "2020.07.21"]
[Round "7"]
[White "GMartin_Petrov"]
[Black "Zkid"]
[Result "0-1"]
[WhiteElo "2607"]
[BlackElo "2791"]
[TimeControl "180+1"]
[EndTime "11:17:48 PDT"]
[Termination "Zkid won by resignation"]

1. e4 e6 2. d4 d5 3. Nd2 c5 4. exd5 Qxd5 5. Ngf3 cxd4 6. Bc4 Qd7 7. O-O Nc6 8. Nb3 Nf6 9. Qe2 a6 10. a4 Bd6 11. Rd1 e5 12. Nbxd4 Nxd4 13. Rxd4 Qe7 14.
Rxd6 Qxd6 15. b3 e4 16. Ba3 Qf4 17. Qe1 Be6 18. Bxe6 fxe6 19. Nd4 Kf7 20. Qb4 Qc7 21. f3 Rhd8 22. fxe4 a5 23. Qc5 Qxc5 24. Bxc5 Rac8 25.
Bb6 Rd6 26. Ba7 Nxe4 27. Re1 Nc3 28. Rf1+ Ke8 29. Re1 Kd7 30. Nf3 b6 31. Ne5+ Kc7 32. Nc4 Rc6 33. Bxb6+ Rxb6 34. Nxb6 Kxb6 35. Rxe6+ Rc6 36.
Re7 Rc7 37. Re6+ Kc5 38. h4 Nd5 39. Kh2 Kb4 40. Re4+ Kc3 41. Re2 Re7 42. Rf2 Ne3 43. Rf4 Nxc2 44. Rf5 Ra7 45. Rb5 Nb4 46. h5 Kxb3 47.
g4 Kxa4 48. Rc5 Kb3 49. g5 a4 0-1

[Event "*** SCC Grand Prix: Titled Tuesday Blitz"]
[Site "Chess.com"]
[Date "2020.07.21"]
[Round "7"]
[White "AldokhinIvan"]
[Black "davigator"]
[Result "1-0"]
[WhiteElo "2577"]
[BlackElo "2346"]
[TimeControl "180+1"]
[EndTime "11:17:48 PDT"]
[Termination "AldokhinIvan won on time"]

1. e4 c5 2. Nf3 Nc6 3. d4 cxd4 4. Nxd4 Nf6 5. Nc3 d6 6. Bg5 a6 7. Bxf6 gxf6 8. Qd2 h5 9. h4 e6 10. g3 Bd7 11. O-O-O b5 12. Kb1 Rb8 13. f4 Qb6 14. Nf5 exf5 15. Nd5 Qd8 16. exf5 Be7 17. Bg2 Kf8 18.
Nxe7 Qxe7 19. Rhe1 Ne5 20. fxe5 fxe5 21. f6 Qxf6 22.
Rf1 Qg6 23. Qxd6+ Qxd6 24. Rxd6 Ke7 25. Rxa6 Be6 26. Ra7+ Kf8 27. Rf6 Rg8 28. Rf3 Rg4 29. a3 Rd4 30. b3 Rd2 31. Bh3 Bxh3 32. Rfxf7+ Ke8 33. Rh7 Rf2 34. Rae7+ Kd8 35. Rxe5 Rb6 36. Rh8+ 1-0

[Event "*** SCC Grand Prix: Titled Tuesday Blitz"]
[Site "Chess.com"]
[Date "2020.07.21"]
[Round "7"]
[White "Duong57"]
[Black "sergeikim"]
[Result "0-1"]
[WhiteElo "2303"]
[BlackElo "2452"]
[TimeControl "180+1"]
[EndTime "11:17:48 PDT"]
[Termination "sergeikim won on time"]

1. d4 Nf6 2. c4 g6 3. Nc3 Bg7 4. e4 d6 5. Nf3 O-O 6. Be2 e5 7. O-O exd4 8. Nxd4 Re8 9. f3 Nbd7 10. Re1 c6 11. Bf1 a5 12. Be3 Nc5 13. Qd2 a4 14. Rad1 Qa5 15. Nc2 Re6 16. Nd4 Re8 17. Nde2 Bf8 18.
Bd4 Nfd7 19. Ng3 Ne5 20. f4 Ned7 21. e5 dxe5 22. fxe5 Bg7 23. Nce4 Qxd2 24. Rxd2 Nxe4 25. Nxe4 Nf8 26. Nd6 Re7 27. Bc3 Nd7 28. Red1 Nxe5 29. Nxc8 Rxc8 30. Rd8+ Re8 31. Rxc8 Rxc8 32. Re1 Re8 33. c5 f6 34. Rd1 Kf8 35. Kf2 Ke7 36.
Bxe5 fxe5 37. Bc4 e4 38. b3 Bh6 39. Ke2 Rf8 40. Rd4 e3 41. Re4+ Kd7 42. Rh4 Bg5 43. Rxh7+ Kc8 44. Be6+ Kb8 45. Bf7 Rd8 0-1

[Event "*** SCC Grand Prix: Titled Tuesday Blitz"]
[Site "Chess.com"]
[Date "2020.07.21"]
[Round "7"]
[White "chesslh19"]
[Black "Irochka83"]
[Result "0-1"]
[WhiteElo "2171"]
[BlackElo "2351"]
[TimeControl "180+1"]
[EndTime "11:17:48 PDT"]
[Termination "Irochka83 won on time"]

1. e4 c5 2. Nf3 e6 3. d4 cxd4 4. Nxd4 Nc6 5. Nb5 d6 6. c4 a6 7.
Nd4 Nf6 8. Nc3 Be7 9. Be2 O-O 10. O-O Nxd4 11. Qxd4 Bd7 12. Be3 Bc6 13. Rfd1 a5 14. f3 Nd7 15. Nb5 Bxb5 16. cxb5 Nc5 17. Rac1 Qc7 18.
Qc4 b6 19. b3 Rac8 20. a3 Qb7 21. Qc2 Rfd8 22. b4 axb4 23. axb4 Nd7 24. Qb3 Nf6 25. Qb2 d5 26. Rxc8 Rxc8 27. e5 Nd7 28. Bd4 Qc7 29. h3 g6 30. Rd3 Qc1+ 31. Qxc1 Rxc1+ 32. Kh2 Bxb4 33. Rb3 Bc5 34. Bb2 Re1 35. Bd3 Nxe5 36. Bxe5 Rxe5 37. Rb2 Re3 38. Bf1 h5 39. Re2 Rb3 40. Ra2 h4 41. Ra8+ Kg7 42. Ra2 Rb1 43.
Bd3 Bg1+ 44. Kh1 Re1 45. Re2 Ra1 0-1

[Event "*** SCC Grand Prix: Titled Tuesday Blitz"]
[Site "Chess.com"]
[Date "2020.07.21"]
[Round "7"]
[White "denispopov"]
[Black "mirochka"]
[Result "0-1"]
[WhiteElo "1803"]
[BlackElo "2141"]
[TimeControl "180+1"]
[EndTime "11:17:48 PDT"]
[Termination "mirochka won on time"]

1. e4 c5 2. Nc3 Nc6 3. Bb5 Nd4 4. Nf3 a6 5. Bd3 g6 6. Nxd4 cxd4 7. Ne2 Bg7 8. b3 d5 9. Bb2 dxe4 10. Bxe4 e5 11. d3 Nf6 12. Bf3 O-O 13. O-O Rb8 14.
a4 Be6 15. Re1 Re8 16. Ng3 Nd5 17. Ne4 Rc8 18. Qd2 h6 19. Ba3 Rc6 20. Nc5 Bc8 21.
b4 b6 22. Ne4 Qc7 23. Rec1 Qd8 24. Bb2 f5 25. Ng3 Kh7 26. h3 b5 27. axb5 axb5 28. Ra8 Qd7 29. Ra5 Rd6 30. Re1 Bb7 31.
Ra7 Qc8 32. Rea1 Bc6 33. R7a6 Red8 34. R1a5 Be8 35. Rxd6 Rxd6 36. Ba3 Nf4 37. Ne2 Nxe2+ 38. Qxe2 Re6 39. Ra8 Qc7 40. Ra5 Qc3 0-1

[Event "*** SCC Grand Prix: Titled Tuesday Blitz"]
[Site "Chess.com"]
[Date "2020.07.21"]
[Round "7"]
[White "Grandelicious"]
[Black "Artyom_ChessMate"]
[Result "0-1"]
[WhiteElo "2783"]
[BlackElo "2603"]
[TimeControl "180+1"]
[EndTime "11:17:49 PDT"]
[Termination "Artyom_ChessMate won on time"]

1. Nf3 d5 2. g3 e6 3. Bg2 Nf6 4. b3 Be7 5. Bb2 O-O 6. c4 b6 7. O-O Bb7 8. cxd5 Nxd5 9. Nc3 Nd7 10. Rc1 c5 11. d4 Rc8 12. Nxd5 Bxd5 13. Qd3 Nf6 14.
dxc5 Rxc5 15. Rxc5 Bxc5 16. Rd1 Qa8 17. Bxf6 gxf6 18.
Ne1 Bxg2 19. Nxg2 Be7 20. Rc1 Rd8 21. Qc2 Ba3 22. Rd1 Rxd1+ 23. Qxd1 Qe4 24. Ne1 Bc5 25. Nd3 Qd4 26. Qc1 e5 27. Qc2 e4 28. Nxc5 bxc5 29. Qc1 Kg7 30. Kg2 a5 31. h4 Qd5 32. Qe3 h6 33. Kg1 Qd1+ 34. Kg2 Qd5 35. Kh2 f5 36. Kg2 Kg6 37. Kh2 Kg7 38. Qc3+ Qd4 0-1